 Dungeon Crawl Stone Soup version 0.21-a0-274-gc1afaeb (webtiles) character file.

43 Gruud the Insei (level 3, 2/28 HPs)
             Began as a Demonspawn Transmuter on Sept 19, 2017.
             Quit the game on level 1 of the Dungeon.
             The game lasted 00:04:29 (1352 turns).

Gruud the Insei (Demonspawn Transmuter)             Turns: 1352, Time: 00:04:30

Health: 2/28       AC:  6    Str:  9 (11) XL:     3   Next: 37%
Magic:  6/6        EV: 10    Int: 11 (14) God:
Gold:   66         SH:  0    Dex: 11 (13) Spells: 3/6 levels left

rFire    . . .     SeeInvis .     - Unarmed
rCold    . . .     Gourm    .   (no shield)
rNeg     . . .     Faith    .   l - +0 ring mail
rPois    .         Spirit   .   n - +0 helmet
rElec    .         Reflect  .   (no cloak)
rCorr    .         Harm     .   (no gloves)
MR       .....     Rnd*Tele +   (no boots)
Stlth    +.........             (no amulet)
HPRegen  0.09/turn              (no ring)
MPRegen  0.10/turn              (no ring)

@: lethally poisoned (2 -> -1)
A: claws 1, robust 1, teleportitis 1
a: no special abilities


You were on level 1 of the Dungeon.
You were not hungry.

You visited 1 branch of the dungeon, and saw 2 of its levels.

You collected 66 gold pieces.

Inventory:

Missiles
 a - 12 arrows
 i - 7 curare-tipped needles
Armour
 l - a +0 ring mail (worn)
 n - a +0 helmet (worn)
Scrolls
 h - a scroll of remove curse {unknown}
 j - 2 scrolls of identify {unknown}
 m - a scroll of enchant armour {unknown}
 o - a scroll of fear {unknown}
Books
 c - a book of Changes

   Spells                             Type                      Level
   a - Beastly Appendage              Transmutation                1
   b - Sticks to Snakes               Transmutation                2
   c - Spider Form                    Transmutation/Poison         3
   d - Ice Form                       Ice/Transmutation            4
   e - Blade Hands                    Transmutation                5
Comestibles
 b - 3 chunks of flesh
 d - a bread ration
 g - a royal jelly
 k - 4 fruits


   Skills:
 - Level 1.0 Fighting
 + Level 0.6 Armour
 - Level 1.7 Dodging
 * Level 3.4 Unarmed Combat
 - Level 2.0 Spellcasting
 - Level 2.5 Transmutations


You had 3 spell levels left.
You knew the following spells:

 Your Spells              Type           Power        Failure   Level  Hunger
a - Beastly Appendage     Tmut           #.....       28%         1    ##.....
b - Sticks to Snakes      Tmut           #.......     41%         2    ###....


Dungeon Overview and Level Annotations

Branches:
Dungeon (2/15)

Altars:


Innate Abilities, Weirdness & Mutations

You have sharp fingernails.
You are robust. (+10% HP)
You are occasionally teleported next to monsters.


Message History

You scratch the bat.
The bat is severely wounded.
The bat hits you but does no damage.
You scratch the bat but do no damage.
The bat is severely wounded.
* * * LOW HITPOINT WARNING * * *
You feel sick. The bat barely misses you.
You claw the bat!
You kill the bat!
Okay, then.
Eat one of 4 chunks of flesh? (ye/n/q)
You eat one of the 4 chunks of flesh.
This raw flesh tastes terrible.
There is a lethal amount of poison in your body!
Why would you want to do that? Why would you want to do that?
Drop what? 14/52 slots (_ for help) (? for menu, Esc to quit)
You drop 2 potions of degeneration.
* * * LOW HITPOINT WARNING * * *
You feel sick.
Are you sure you want to abandon this character and quit the game? (Confirm with "yes".)

#.....##.......###
#.######..........
#.# #######.... #.#
#.... #.# ######....
###.#######....#....
#...##...##....#....
#...##...##...[#....
#..@''...'.....)....
#...##...##....#####
#...##...##....#
###.############ #.#
#.# #.# #.# #.#


There were no monsters in sight!

Vanquished Creatures
  An adder (D:2)
  2 dart slugs (D:1)
  A leopard gecko (D:1)
  4 bats (D:1)
  2 giant cockroaches (D:1)
  7 goblins (D:1)
  3 hobgoblins (D:1)
  3 kobolds
  6 rats (D:1)
29 creatures vanquished.

Notes
Turn   | Place    | Note
-------+----------+-------------------------------------------
     0 | D:1      | Gruud the Demonspawn Transmuter began the quest for the Orb.
     0 | D:1      | Reached XP level 1. HP: 15/15 MP: 3/3
   341 | D:1      | Gained mutation: You have sharp fingernails. [demonic ancestry]
   341 | D:1      | Reached XP level 2. HP: 14/21 MP: 5/5
   352 | D:1      | Learned a level 2 spell: Sticks to Snakes
   642 | D:1      | Reached skill level 3 in Unarmed Combat
  1183 | D:1      | Reached XP level 3. HP: 21/26 MP: 6/6
  1346 | D:1      | Gained mutation: You are occasionally teleported next to monsters. [potion of mutation]
  1346 | D:1      | Gained mutation: You are robust. (+10% HP) [potion of mutation]
  1352 | D:1      | Quit the game

Vault maps used:
D:1:      lightli_arrival_isolated_outpost, feat_on_display
D:2:      cheibriados_altar_1, lemuel_coloured_pillars_altar,
          minmay_misc_feat_more_columns

Skill      XL: |  1  2 |
---------------+-------+-----
Transmutations | 2 |  2.5
Unarmed Combat | 3 |  3.4
Fighting       | |  1.0
Armour         | |  0.6
Dodging        | |  1.7
Spellcasting   | |  2.0

Action                   || total
-------------------------++-------
Melee: Unarmed           ||   114
       Headbutt          ||     2
       Punch             ||     4
 Cast: Beastly Appendage ||     2
  Use: Potion            ||     2
 Stab: Sleeping          ||     1
  Eat: Chunk             ||     2
Armor: Robe              ||    11
       Ring mail         ||    46
Dodge: Dodged            ||    60

Table legend:
 A = Spawn XP
 B = Non-spawn XP
 C = Spawn XP percentage of total XP
 D = Spawn monster count
 E = Non-spawn monster count
 F = Spawn count percentage of total count
 G = Total turns spent on level
                    A         B        C        D         E        F      G
               +---------+---------+-------+---------+---------+-------+---------
         Total |       0 |      62 |   0.0 |       0 |      29 |   0.0 |  1352
               +---------+---------+-------+---------+---------+-------+---------
           D:1 |       0 |      46 |   0.0 |       0 |      26 |   0.0 |  1327
           D:2 |       0 |      16 |   0.0 |       0 |       3 |   0.0 |    25
               +---------+---------+-------+---------+---------+-------+---------
